 Dungeon Crawl Stone Soup version 0.32-a0-42-ga30500b4d3 (webtiles) character file.

Game seed: 10694392274128760415

18999 pokeman the Eclecticist (level 12, -1/67 HPs)
             Began as a Deep Elf Hedge Wizard on Jan 31, 2024.
             Was a High Priest of Vehumet.
             Slain by a reaper
             ... wielding a -4 scythe of freezing
              (11 damage)
             ... in an ice cave on Feb 1, 2024.
             The game lasted 00:32:57 (10280 turns).

pokeman the Eclecticist (Deep Elf Hedge Wizard)    Turns: 10280, Time: 00:32:57

Health: -1/67      AC: 15    Str: 10    XL:     12   Next: 32%
Magic:  16/43      EV: 11    Int: 27    God:    Vehumet [*****.]
Gold:   589        SH:  0    Dex: 19    Spells: 23/44 levels left

rFire   . . .        R - staff of conjuration
rCold   + + +        (no shield)
rNeg    + . .        Y - +7 ring mail of Peboprea {rC+ rN+ Int+2 Dex+5}
rPois   .            u - +0 helmet
rElec   .            z - +0 cloak
rCorr   .            (no gloves)
SInv    .            o - -2 pair of boots of the Weak Slorg {Will- Regen+ MP+9 Str+3}
Will    .....        C - amulet of magic regeneration
Stlth   ++           H - ring of protection from cold
HPRegen 1.11/turn    E - ring of protection from cold
MPRegen 0.68/turn

%: no passive effects
@: no status effects
A: no striking features
a: Renounce Religion


You were in an ice cave.
You worshipped Vehumet.
Vehumet was extremely pleased with you.
You visited 2 branches of the dungeon, and saw 13 of its levels.
You also visited: Bailey and Ice Cave.

You collected 806 gold pieces.
You spent 217 gold pieces at shops.

Inventory:

Hand Weapons
 K - the +10 war axe of Omaucs {drain, Will+++ rCorr Int-2 Dex-5}
   (You found it on level 6 of the Dungeon)

   Int-2:     It affects your intelligence (-2).
   Dex-5:     It affects your dexterity (-5).
   Will+++:   It greatly increases your willpower.
   rCorr:     It protects you from acid and corrosion.
Missiles
 B - 5 throwing nets
Armour
 o - the -2 pair of boots of the Weak Slorg (worn) {Will- Regen+ MP+9 Str+3}
   (You found it on level 2 of the Dungeon)

   Str+3:     It affects your strength (+3).
   Will-:     It decreases your willpower.
   MP+9:      It affects your magic capacity (+9).
   Regen+:    It increases your rate of health regeneration.
 u - a +0 helmet (worn)
 z - a +0 cloak (worn)
 Y - the +7 ring mail of Peboprea (worn) {rC+ rN+ Int+2 Dex+5}
   (You found it on level 11 of the Dungeon)

   Int+2:     It affects your intelligence (+2).
   Dex+5:     It affects your dexterity (+5).
   rC+:       It protects you from cold.
   rN+:       It protects you from negative energy.
Magical Staves
 R - a staff of conjuration (weapon)
Jewellery
 r - a +5 ring of evasion
 C - an amulet of magic regeneration (around neck)
 E - a ring of protection from cold (right hand)
 H - a ring of protection from cold (left hand)
 J - a +6 ring of intelligence
Scrolls
 a - a scroll of enchant weapon
 p - 6 scrolls of teleportation
 P - 3 scrolls of blinking
 X - a scroll of vulnerability {unknown}
 Z - a scroll of fear {unknown}
Potions
 d - a potion of magic
 f - 4 potions of curing
 g - a potion of invisibility {unknown}
 k - a potion of enlightenment {unknown}
 q - 2 potions of brilliance {unknown}
 t - 3 potions of cancellation {unknown}
 v - 4 potions of heal wounds {unknown}
 x - a potion of attraction {unknown}
 A - a potion of might {unknown}
 G - 2 potions of degeneration {unknown}
 M - 2 potions of haste {unknown}
 V - a potion of ambrosia {unknown}
Miscellaneous
 T - a condenser vane


   Skills:
 - Level 4.3 Fighting
 + Level 5.5 Armour
 - Level 3.0 Dodging
 - Level 3.0 Stealth
 * Level 16.9 Spellcasting
 + Level 10.1 Conjurations
 - Level 1.1 Summonings
 - Level 1.1 Translocations
 + Level 2.6 Fire Magic
 - Level 3.0 Air Magic
 - Level 9.2 Earth Magic
 - Level 2.0 Alchemy
 - Level 1.2 Evocations


You had 23 spell levels left.
You knew the following spells:

 Your Spells              Type           Power      Damage    Failure   Level
a - Magic Dart            Conj           100%       1d8       1%          1
b - Mephitic Cloud        Conj/Alch/Air  66%        N/A       1%          3
c - Call Imp              Summ           56%        N/A       4%          2
d - Blink                 Tloc           56%        N/A       4%          2
e - Stone Arrow           Conj/Erth      100%       3d13      1%          3
f - Fireball              Conj/Fire      36%        3d15      2%          5
g - Lee's Rapid Deconstr  Erth           32%        3d16*     1%          5

Your spell library contained the following spells:

 Spells                   Type           Power      Damage    Failure   Level
 Bombard                  Conj/Erth      42%        9d7       4%          6
 Sandblast                Erth           100%       2d20      1%          1
 Hailstorm                Conj/Ice       66%        3d12      1%          3
 Passwall                 Erth           64%        N/A       1%          3
 Brom's Barrelling Bould  Conj/Erth      85%        2d10      1%          4
 Iskenderun's Battlesphe  Conj           86%        2d13      1%          5
 Cigotuvi's Dreadful Rot  Necr/Alch/Air  64%        N/A       3%          2
 Slow                     Hex            88%        N/A       4%          1
 Summon Ice Beast         Ice/Summ       25%        N/A       12%         3
 Conjure Ball Lightning   Conj/Air       36%        3x3d12    13%         6
 Orb of Destruction       Conj           43%        9d12      17%         7
 Sculpt Simulacrum        Ice/Alch       14%        N/A       99%         6


Dungeon Overview and Level Annotations

Branches:
Dungeon (12/15)            Temple (1/1) D:6            Lair (0/5) D:10
    Orc (0/2) D:12         Bailey (visited)           IceCv (1/1)

Altars:
Ashenzari
Cheibriados
Dithmenos
Elyvilon
Fedhas
Gozag
Hepliaklqana
Kikubaaqudgha
Makhleb
Nemelex Xobeh
Okawaru
Qazlal
Ru
Sif Muna
Trog
Uskayaw
Vehumet
Wu Jian
Xom
Yredelemnul
Zin
The Shining One

Shops:
D:7 *   D:11 ((?

Annotations:
D:3 1 transporter, audacious124's ghost, weakling DsEE


Message History

The fireball engulfs the reaper!
The reaper is severely wounded.
The reaper hits you with a -4 scythe of freezing!
The reaper drags you backwards!
Casting: Fireball (dangerous; 2% risk of failure)
Confirm with . or Enter, or press ? or * to list all spells.
Aiming: Fireball (dangerous; 2% risk of failure)
Press: ? - help, Shift-Dir - straight line You feel a surge of power!
The fireball explodes!
The fireball engulfs the reaper but does no damage.
The reaper is severely wounded.
The reaper hits you with a -4 scythe of freezing!!
* * * LOW HITPOINT WARNING * * *
The reaper drags you backwards! The reaper freezes you.
* * * LOW HITPOINT WARNING * * *
Casting: Fireball (dangerous; 2% risk of failure)
Confirm with . or Enter, or press ? or * to list all spells.
Aiming: Fireball (dangerous; 2% risk of failure)
Press: ? - help, Shift-Dir - straight line, f - reaper
Aim: a reaper, wielding a -4 scythe of freezing (severely wounded)
Okay, then.
Unknown command.
Casting: Fireball (dangerous; 2% risk of failure)
Confirm with . or Enter, or press ? or * to list all spells.
Aiming: Stone Arrow (safe; 1% risk of failure)
Press: ? - help, Shift-Dir - straight line, f - reaper
Aim: a reaper, wielding a -4 scythe of freezing (severely wounded, 78% to hit)
You feel a surge of power!
The stone arrow hits the reaper.
The reaper is severely wounded.
The reaper barely misses you.
Unknown command.
Casting: Stone Arrow (safe; 1% risk of failure)
Confirm with . or Enter, or press ? or * to list all spells.
Aiming: Stone Arrow (safe; 1% risk of failure)
Press: ? - help, Shift-Dir - straight line, f/p - reaper
Aim: a reaper, wielding a -4 scythe of freezing (severely wounded, 78% to hit)
You feel a surge of power!
The stone arrow misses the reaper.
The reaper shouts, "You must die NOW!"
The reaper hits you with a -4 scythe of freezing!
You die...

###############
#.'.........'.#
.#####'#####.#
#.#.#.#.# #.##
###'#'#.#'#+#.8######
#.'.........#.......#
###.8.8.8.8.#.#####.#
............#.#[.[#.##
............'.#2@.'.⌠#
............#.#[./#.##
###.8.8.8.8.#.#####.#
#.'.........#.. ..#
###+#+#.#+#+#. ####
#.# #+#


You could see a reaper.

Vanquished Creatures
  An orc warlord (Bailey)
  A centaur warrior (D:11)
  3 two-headed ogres
  An orc knight (Bailey)
  An ugly thing (D:12)
  A gargoyle (D:10)
  2 ice statues (IceCv)
  Maggie (D:7)
  2 rime drakes (D:12)
  Jeremiah (D:6)
  4 ice devils (IceCv)
  Psyche (D:8)
  2 anaconda simulacra (IceCv)
  A komodo dragon (D:11)
  2 trolls
  A hornet (D:6)
  Prince Ribbit (D:6)
  A wraith (D:10)
  12 yaks
  A shadow (D:7)
  3 wyverns (D:10)
  Eustachio (D:4)
  2 dire elephant simulacra (IceCv)
  A death yak simulacrum (IceCv)
  A steam dragon (D:7)
  Menkaure (D:6)
  5 acid dragons
  A hydra simulacrum (IceCv)
  5 water moccasins
  20 orc warriors
  A sky beast (D:6)
  3 ice beasts
  2 ogres
  3 centaurs
  2 phantoms
  A bullfrog (D:8)
  A gnoll sergeant (D:9)
  8 scorpions
  6 wights
  14 killer bees
  An elephant simulacrum (IceCv)
  4 bombardier beetles
  2 howler monkeys
  4 hounds
  A jelly (D:4)
  6 orc priests
  4 gnoll boudas
  Crazy Yiuf (D:4)
  4 iguanas
  Natasha (thrice) (D:4)
  11 orc wizards
  Robin (D:3)
  5 adders
  18 gnolls
  A naga simulacrum (IceCv)
  2 shadow imps (D:7)
  4 white imps
  3 ufetubi
  2 ribbon worms
  A dart slug (D:2)
  40 orcs
  4 ball pythons
  6 endoplasms
  2 giant cockroaches
  22 goblins
  19 hobgoblins
  5 jackals (D:1)
  4 quokkas
  5 bats
  3 frilled lizards
  5 kobolds
  2 rats
316 creatures vanquished.

Notes
Turn   | Place    | Note
-------+----------+-------------------------------------------
     0 | D:1      | pokeman the Deep Elf Hedge Wizard began the quest for the
                  | Orb.
     0 | D:1      | Reached XP level 1. HP: 10/10 MP: 7/7
   185 | D:1      | Reached XP level 2. HP: 6/15 MP: 0/9
   692 | D:1      | Reached skill level 5 in Spellcasting
  1200 | D:2      | Reached XP level 3. HP: 20/20 MP: 8/11
  1204 | D:2      | Learned a level 3 spell: Mephitic Cloud
  1207 | D:2      | Learned a level 2 spell: Call Imp
  1210 | D:2      | Learned a level 2 spell: Blink
  1319 | D:2      | Identified the +0 robe of Bimiwk {Str+6}
  1491 | D:2      | Reached skill level 1 in Fighting
  1589 | D:2      | Identified the -2 pair of boots of the Weak Slorg {Will-
                  | Regen+ MP+9 Str+3}
  1664 | D:2      | Reached skill level 1 in Armour
  2024 | D:3      | Reached XP level 4. HP: 25/25 MP: 13/13
  2089 | D:3      | Found a faded altar of an unknown god.
  2093 | D:3      | Noticed an ogre
  2094 | D:3      | Noticed audacious124's ghost (weakling DsEE)
  2138 | D:3      | Noticed Robin
  2143 | D:3      | Noticed an ogre
  2162 | D:3      | Killed Robin
  2176 | D:3      | Reached XP level 5. HP: 12/29 MP: 15/15
  2231 | D:3      | Reached skill level 6 in Spellcasting
  2384 | D:3      | Learned a level 3 spell: Stone Arrow
  2500 | D:3      | Found a transporter.
  2870 | D:4      | Noticed Eustachio
  2885 | D:4      | Killed Eustachio
  2886 | D:4      | Reached skill level 1 in Air Magic
  2886 | D:4      | Reached skill level 1 in Earth Magic
  2886 | D:4      | Reached skill level 1 in Alchemy
  2886 | D:4      | Reached XP level 6. HP: 24/34 MP: 17/17
  2955 | D:4      | Noticed Natasha
  2970 | D:4      | Killed Natasha
  3011 | D:4      | Found a runed translucent door.
  3012 | D:4      | Noticed Crazy Yiuf
  3022 | D:4      | Killed Crazy Yiuf
  3142 | D:4      | Reached skill level 7 in Spellcasting
  3293 | D:4      | Found a bloodstained altar of Trog.
  3318 | D:4      | Noticed Natasha
  3326 | D:4      | Killed Natasha
  3421 | D:4      | Noticed Natasha
  3442 | D:4      | Killed Natasha
  3613 | D:5      | Entered Level 5 of the Dungeon
  3618 | D:5      | Reached XP level 7. HP: 38/38 MP: 18/19
  3813 | D:5      | Reached skill level 8 in Spellcasting
  4070 | D:5      | Reached XP level 8. HP: 38/43 MP: 14/22
  4188 | D:5      | Found an iron altar of Okawaru.
  4377 | D:5      | Reached skill level 9 in Spellcasting
  4678 | D:6      | Noticed Jeremiah
  4701 | D:6      | Killed Jeremiah
  4702 | D:6      | Reached skill level 5 in Conjurations
  4854 | D:6      | Noticed a hornet
  4858 | D:6      | Killed a hornet
  4859 | D:6      | Reached skill level 10 in Spellcasting
  4906 | D:6      | Noticed Prince Ribbit
  4909 | D:6      | Killed Prince Ribbit
  4910 | D:6      | Reached XP level 9. HP: 48/48 MP: 25/25
  4967 | D:6      | Reached skill level 5 in Earth Magic
  5177 | D:6      | Reached skill level 11 in Spellcasting
  5193 | D:6      | Found a shadowy altar of Dithmenos.
  5196 | D:6      | Found a glowing silver altar of Zin.
  5258 | D:6      | Found a white marble altar of Elyvilon.
  5341 | D:6      | Found a staircase to the Ecumenical Temple.
  5360 | Temple   | Entered the Ecumenical Temple
  5367 | Temple   | Became a worshipper of Vehumet
  5418 | D:6      | Noticed Menkaure
  5424 | D:6      | Killed Menkaure
  5425 | D:6      | Found a basalt altar of Yredelemnul.
  5428 | D:6      | Identified the +10 war axe of Omaucs {drain, Will+++ rCorr
                  | Int-2 Dex-5}
  5515 | D:7      | Noticed Maggie
  5520 | D:7      | Killed Maggie
  5633 | D:7      | Found Joxayk's General Store.
  5652 | D:7      | Bought a scroll of identify for 28 gold pieces
  5814 | D:7      | Found a shimmering blue altar of Sif Muna.
  5842 | D:7      | Found an opulent altar of Gozag.
  5926 | D:7      | Reached skill level 12 in Spellcasting
  6052 | D:7      | Reached * piety under Vehumet
  6052 | D:7      | Offered knowledge of Freeze by Vehumet.
  6135 | D:7      | Noticed a troll
  6138 | D:7      | Killed a troll
  6139 | D:7      | Reached XP level 10. HP: 36/56 MP: 28/28
  6490 | D:8      | Reached skill level 13 in Spellcasting
  6535 | D:8      | Reached ** piety under Vehumet
  6535 | D:8      | Offered knowledge of Kiss of Death by Vehumet.
  6736 | D:8      | Found an ornate altar of the Wu Jian Council.
  6807 | D:8      | Noticed Psyche
  6827 | D:8      | Killed Psyche
  6843 | D:8      | Found a flagged portal.
  6851 | Bailey   | Entered a bailey
  6895 | Bailey   | Offered knowledge of Scorch by Vehumet.
  6937 | Bailey   | Reached skill level 14 in Spellcasting
  6940 | Bailey   | Reached *** piety under Vehumet
  6987 | Bailey   | Noticed an orc knight
  6995 | Bailey   | Killed an orc knight
  6996 | Bailey   | Reached skill level 1 in Evocations
  6996 | Bailey   | Reached XP level 11. HP: 48/62 MP: 26/31
  6997 | Bailey   | Noticed an orc warlord
  7045 | Bailey   | Offered knowledge of Airstrike by Vehumet.
  7227 | Bailey   | Killed an orc warlord
  7762 | D:9      | Reached skill level 15 in Spellcasting
  8087 | D:10     | Entered Level 10 of the Dungeon
  8096 | D:10     | Found a blossoming altar of Fedhas.
  8143 | D:10     | Reached **** piety under Vehumet
  8225 | D:10     | Offered knowledge of Lee's Rapid Deconstruction by Vehumet.
  8278 | D:10     | Learned a level 5 spell: Lee's Rapid Deconstruction
  8392 | D:10     | Found a broken altar of Ashenzari.
  8426 | D:10     | Noticed a two-headed ogre
  8431 | D:10     | Killed a two-headed ogre
  8458 | D:10     | You fall into a shaft and drop 1 floor!
  8498 | D:11     | Noticed a two-headed ogre
  8507 | D:11     | Killed a two-headed ogre
  8558 | D:11     | Identified the +7 ring mail of Peboprea {rC+ rN+ Int+2
                  | Dex+5}
  8580 | D:10     | Found a staircase to the Lair.
  8580 | D:10     | Noticed a two-headed ogre
  8595 | D:10     | Killed a two-headed ogre
  8596 | D:10     | Reached skill level 16 in Spellcasting
  8921 | D:9      | Found a glowing golden altar of the Shining One.
  8921 | D:9      | Found a hazy altar of Hepliaklqana.
  8992 | D:11     | Noticed a centaur warrior
  8995 | D:11     | Killed a centaur warrior
  8996 | D:11     | Reached XP level 12. HP: 27/67 MP: 34/34
  9050 | D:11     | Found Atentoro's Weapon Boutique.
  9172 | D:11     | Identified a scroll of acquirement
  9173 | D:11     | Found Gyatoesch's Weapon Shop.
  9319 | D:11     | Found Noinkakk's Magic Scroll Shop.
  9357 | D:11     | Bought a scroll of blinking for 105 gold pieces
  9357 | D:11     | Bought a scroll of identify for 28 gold pieces
  9357 | D:11     | Bought a scroll of identify for 28 gold pieces
  9357 | D:11     | Bought a scroll of identify for 28 gold pieces
  9538 | D:11     | Acquired a book of the Spheres
  9546 | D:11     | Learned a level 5 spell: Fireball
  9860 | D:12     | Reached skill level 5 in Armour
  9901 | D:12     | Found a frozen archway.
  9906 | D:12     | Reached skill level 1 in Fire Magic
  9914 | IceCv    | Entered an ice cave
  9994 | IceCv    | Reached skill level 10 in Conjurations
 10198 | IceCv    | Reached ***** piety under Vehumet
 10198 | IceCv    | Offered knowledge of Bombard by Vehumet.
 10273 | IceCv    | Noticed a reaper
 10280 | IceCv    | Slain by a reaper

Illustrated notes

Levels and vault maps discovered:
D:1:      psy_arrival_whirlpool, layout_basic, minmay_misc_feat_encased,
          minmay_tripent
D:2:      layout_rooms
D:3:      layout_rooms, gammafunk_ghost_smash, basic_ecumenical_altar,
          uniq_robin
D:4:      layout_gridville, lemuel_round_altar, uniq_natasha, uniq_eustachio,
          uniq_crazy_yiuf_cottage
D:5:      layout_gridville, mainiacjoe_overflow_alcove_2
D:6:      layout_loops_ring, kennysheep_ying_yang, jmf_multi_god_temple2,
          minmay_temple_entry_stoned_glass, uniq_jeremiah, uniq_menkaure,
          uniq_prince_ribbit1
D:7:      kennysheep_windowed_halls, layout_loops_ring, lemuel_crystal_altar,
          mainiacjoe_overflow_24_doors, serial_shops, nicolae_shop_peninsula,
          uniq_maggie
D:8:      layout_gridville, nzn_wu_jian_contemplation, enter_bailey_2,
          uniq_psyche
D:9:      layout_rooms, nicolae_overflow_hidden_temple
D:10:     layout_roguey, evilmike_ruin_ashenzari, fedhas_altar_3,
          minmay_lair_entry_grove
D:11:     layout_loops_ring, serial_shops, nicolae_shop_bloodbath_and_beyond,
          nicolae_shop_statue_plus, shop, nicolae_zig_zag_zippers
D:12:     layout_layer_cave, hiddenorc2_lemuel, serial_ice, serial_ice_b,
          serial_ice_f, serial_ice_n, serial_ice_g, portal_ice_cave_rime,
          ebering_ghost_gozag, chequers_serial_rivers_micro_d
Temple:   nicolae_temple_cloud_nine
IceCv:    ice_cave_tombish

Skill      XL: |  1  2  3  4  5  6  7  8  9 10 11 12 |
---------------+-------------------------------------+-----
Spellcasting   | 5 6 7 8 10 12 14 16 | 16.9
Fighting       | 1 2 3 4 |  4.3
Armour         | 1 3 4 5 |  5.5
Conjurations   | 2 3 4 5 7 8 9 10 | 10.1
Dodging        | 3 |  3.0
Stealth        | 3 |  3.0
Air Magic      | 1 2 3 |  3.0
Earth Magic    | 1 2 3 4 6 7 9 |  9.2
Alchemy        | 1 2 |  2.0
Evocations     | 1 |  1.2
Fire Magic     | 2 |  2.6
Summonings     | |  1.1
Translocations | |  1.1

Action                     |  1- 3 |  4- 6 |  7- 9 | 10-12 || total
---------------------------+-------+-------+-------+-------++-------
  Melee: Dagger            |    15 |    76 |    21 |       ||   112
         Punch             |     1 |     1 |       |       ||     2
         War axe           |       |       |    11 |    90 ||   101
         Staff             |       |       |       |     1 ||     1
   Cast: Magic Dart        |   112 |    56 |     8 |     9 ||   185
         Mephitic Cloud    |     1 |    10 |     7 |    16 ||    34
         Stone Arrow       |       |     2 |    97 |   183 ||   282
         Call Imp          |       |       |     1 |     1 ||     2
         Blink             |       |       |       |     5 ||     5
         Fireball          |       |       |       |    32 ||    32
  Evoke: Wand              |       |       |       |     2 ||     2
         Condenser vane    |       |       |       |     1 ||     1
    Use: Scroll            |       |       |       |    18 ||    18
   Stab: Confused          |       |     9 |       |     1 ||    10
 Armour: Robe              |    13 |    31 |    13 |       ||    57
         Steam dragon scal |       |       |    15 |    71 ||    86
         Ring mail         |       |       |       |    15 ||    15
  Dodge: Dodged            |    19 |    53 |    24 |   126 ||   222

Table legend: (Time is in decaauts)
 A = Elapsed time spent in this place.
 B = Non-inter-level travel time spent in this place.
 C = Inter-level travel time spent in this place.
 D = Time resting spent in this place.
 E = Time spent auto-exploring this place.
 F = Levels seen in this place.
 G = Mean time per level.
                   A        B        C        D        E       F      G
               +--------+--------+--------+--------+--------+-----+--------+
         Total |  10334 |   9743 |    591 |    362 |   7205 |  15 |  688.9 |
       Dungeon |   9482 |   8901 |    581 |    211 |   6924 |  12 |  790.2 |
        Temple |     45 |     36 |      9 |      0 |      0 |   1 |   45.0 |
        Bailey |    443 |    443 |      0 |     22 |    157 |   1 |  443.0 |
      Ice Cave |    363 |    363 |      0 |    129 |    124 |   1 |  363.0 |
               +--------+--------+--------+--------+--------+-----+--------+

Top non-repeatable levels by time:
     D:1: 1195 daAuts
     D:7: 1045 daAuts
     D:5: 1030 daAuts
     D:4: 972 daAuts
     D:6: 874 daAuts
     D:8: 824 daAuts
    D:10: 818 daAuts
     D:2: 779 daAuts
    D:11: 772 daAuts
     D:3: 664 daAuts
     D:9: 447 daAuts
  Bailey: 443 daAuts
   IceCv: 363 daAuts
    D:12: 58 daAuts
  Temple: 45 daAuts
